 Dungeon Crawl Stone Soup version 0.29.1-1-gd02db6906a (webtiles) character file.

Game seed: 1300578467461589530

53795 TheGhostDragon952 the Severer (level 14, -9/189 HPs)
             Began as a Minotaur Berserker on Oct 15, 2022.
             Was an Elder of Trog.
             Mangled by an ogre
             ... wielding a +0 giant spiked club
              (11 damage)
             ... on level 2 of the Orcish Mines.
             The game lasted 01:05:06 (18908 turns).

TheGhostDragon952 the Severer (Minotaur Berserker) Turns: 18908, Time: 01:05:07

Health: -9/189     AC: 24    Str: 38    XL:     14   Next: 32%
Magic:  4/4        EV: 13    Int:  7    God:    Trog [****..]
Gold:   2056       SH:  0    Dex: 14    Spells: 13/13 levels left

rFire   x . .      SeeInvis .   b - +8 executioner's axe (antimagic)
rCold   . . .      Faith    .   (shield currently unavailable)
rNeg    . . .      Spirit   .   W - +1 plate armour
rPois   .          Reflect  .   l - +2 hat
rElec   +          Harm     .   (no cloak)
rCorr   .          Rampage  .   B - +2 pair of gloves
Will    +....                   v - +0 pair of boots
Stlth   ..........              (no amulet)
HPRegen 0.41/turn               c - +6 ring of strength
MPRegen 0.09/turn               m - ring "Kiow" {rElec rF- Str+6 Int+3 Dex+3 Slay+3}

@: berserking, very quick
A: horns 2, retaliatory headbutt
a: Renounce Religion, Berserk, Trog's Hand, Brothers in Arms


You were on level 2 of the Orcish Mines.
You worshipped Trog.
Trog was greatly pleased with you.
You visited 3 branches of the dungeon, and saw 17 of its levels.
You also visited: Ice Cave.

You collected 2056 gold pieces.

Inventory:

Hand Weapons
 b - a +8 antimagic executioner's axe (weapon)
 i - a +4 hand axe of flaming
Missiles
 a - 7 boomerangs (quivered)
 h - 3 atropa-tipped darts
 F - 11 poisoned darts
 O - 5 throwing nets
 Y - a curare-tipped dart
Armour
 l - a +2 hat (worn)
 v - a +0 pair of boots (worn)
 B - a +2 pair of gloves (worn)
 L - an orb of wrath
 W - a +1 plate armour (worn)
Jewellery
 c - a +6 ring of strength (left hand)
 m - the ring "Kiow" (right hand) {rElec rF- Str+6 Int+3 Dex+3 Slay+3}
   (You found it on level 11 of the Dungeon)

   [ring of strength]

   Str:       It affects your strength (+6).
   Int:       It affects your intelligence (+3).
   Dex:       It affects your dexterity (+3).
   Slay:      It affects your accuracy & damage with ranged weapons and melee
   (+3).
   rF:        It makes you vulnerable to fire.
   rElec:     It insulates you from electricity.
 r - a ring of willpower
 w - a +6 ring of dexterity
 y - an amulet of faith
 A - a ring of flight
 D - a ring of positive energy
Wands
 z - a wand of mindburst (15)
 N - a wand of roots (17)
 P - a wand of charming (2)
 T - a wand of light (16)
 Z - a wand of flame (12)
Scrolls
 e - a scroll of summoning
 f - a scroll of enchant armour
 j - 4 scrolls of identify
 k - 2 scrolls of teleportation
 p - a scroll of fear
 q - a scroll of enchant weapon
 u - 3 scrolls of silence
 J - 2 scrolls of blinking
Potions
 d - 6 potions of heal wounds
 n - a potion of mutation
 t - a potion of haste
 x - 3 potions of curing
 C - a potion of ambrosia
 E - 2 potions of might
 G - 2 potions of flight
 H - a potion of berserk rage
 V - 2 potions of magic


   Skills:
 + Level 12.1 Fighting
 * Level 16.8 Axes
 - Level 3.7 Throwing
 + Level 14.6 Armour
 + Level 9.1 Dodging
 - Level 3.5 Stealth
 - Level 4.4 Shields
 * Level 7.0 Evocations


You had 13 spell levels left.
You didn't know any spells.
Your spell library was empty.

Dungeon Overview and Level Annotations

Branches:
Dungeon (14/15)            Temple (1/1) D:7            Lair (0/5) D:9
    Orc (2/2) D:11         Vaults (0/5) D:14          IceCv (visited)
    Elf: Orc:2

Altars:
Ashenzari
Cheibriados
Dithmenos
Elyvilon
Fedhas
Gozag
Hepliaklqana
Kikubaaqudgha
Makhleb
Nemelex Xobeh
Okawaru
Qazlal
Ru
Sif Muna
Trog
Uskayaw
Vehumet
Wu Jian
Xom
Yredelemnul
Zin
The Shining One

Shops:
D:12 [   Orc:2 =

Annotations:
D:14 Nessos


Innate Abilities, Weirdness & Mutations

You have a pair of horns on your head.
You reflexively headbutt those who attack you in melee.


Message History

The deep troll barely misses you. You furiously retaliate!
You headbutt the deep troll. The deep troll completely misses you.
The deep troll misses you. The troll bites you!
* * * LOW HITPOINT WARNING * * *
The troll claws you.
* * * LOW HITPOINT WARNING * * *
The troll claws you.
* * * LOW HITPOINT WARNING * * *
The troll closely misses you. You furiously retaliate!
You headbutt the troll!! The troll barely misses you.
The troll claws you but does no damage. The cyclops hits you.
* * * LOW HITPOINT WARNING * * *
Your Evocations skill increases to level 7!
You slash the troll!
The troll is severely wounded.
You slice the two-headed ogre!! You closely miss the ogre.
You slice the cyclops!! You barely miss the troll. You slash the deep troll!
An ogre comes into view. It is wielding a +0 giant spiked club.
An ogre comes into view. It is wielding a +0 giant club.
The two-headed ogre closely misses you. You furiously retaliate!
You headbutt the two-headed ogre! The two-headed ogre closely misses you.
The ogre hits you with a +0 giant club!
* * * LOW HITPOINT WARNING * * *
The troll barely misses you.
The troll claws you but does no damage. x2
The troll completely misses you. The troll closely misses you.
The troll claws you but does no damage.
The deep troll bites you but does no damage.
The deep troll claws you.
* * * LOW HITPOINT WARNING * * *
The deep troll barely misses you.
You are too injured to fight recklessly!
Unknown command.
You are too injured to fight recklessly!
You are too injured to fight recklessly!
Unknown command.
You are too injured to fight recklessly!
You can't go down here!
Unknown command.
The ogre hits you with a +0 giant spiked club!
You die...

................
..T.............
..OO...........#
.∩O.T..........#
..OT.OOh.#......
.....OOOO.......
......OOTO......
.....OOC@T......
.......TTO......
................
..#.............
. #...$.........
...............
................
................


You could see 5 two-headed ogres, an ogre mage, a deep troll, a cyclops, 6
trolls, a warg and 10 ogres.

Vanquished Creatures
  A frost giant (IceCv)
  A boulder beetle (D:11)
  A catoblepas (D:13)
  Harold (D:9)
  2 centaur warriors (D:13)
  3 two-headed ogres
  5 death yaks (IceCv)
  An orc high priest (Orc:1)
  Amaemon (D:8)
  A deep troll (Orc:1)
  Pikel (D:6)
  A deep elf pyromancer (D:13)
  An orc sorcerer (Orc:1)
  2 manticores
  5 cyclopes
  An ugly thing (D:13)
  An orange demon (D:8)
  An ice statue (IceCv)
  4 rime drakes
  6 trolls
  13 polar bears (IceCv)
  3 wraiths
  22 yaks
  A shadow (D:13)
  A vampire (D:12)
  A wyvern (D:10)
  A basilisk (D:12)
  Grum (D:10)
  A steam dragon (D:10)
  4 vampire mosquitoes (D:13)
  4 wargs (D:11)
  Edmund (D:5)
  4 water moccasins
  Duvessa (D:7)
  6 orc warriors
  3 sky beasts
  3 ogres
  22 wolves
  7 centaurs
  A phantom (D:7)
  A lemure (D:6)
  2 kobold brigands
  Blork the orc (D:5)
  A bullfrog (D:4)
  2 gnoll sergeants (D:9)
  3 scorpions
  11 wights
  Dowan (D:7)
  2 howler monkeys (D:13)
  2 electric eels (D:6)
  4 jellies
  5 orc priests
  Crazy Yiuf (D:6)
  A gnoll bouda (D:7)
  5 hounds
  An iguana (D:6)
  Ijyb (D:3)
  9 orc wizards
  20 gnolls
  6 adders
  A shadow imp (D:8)
  An ufetubus (D:6)
  3 worms
  3 dart slugs
  68 orcs
  3 bats
  10 endoplasms
  4 giant cockroaches
  11 goblins
  8 hobgoblins
  7 jackals
  19 kobolds
  4 quokkas
  8 ball pythons
  6 frilled lizards
  3 rats (D:1)
378 creatures vanquished.

Vanquished Creatures (collateral kills)
  An orc (Orc:1)
1 creature vanquished.

Grand Total: 379 creatures vanquished

Notes
Turn   | Place    | Note
-------+----------+-------------------------------------------
     0 | D:1      | TheGhostDragon952 the Minotaur Berserker began the quest
                  | for the Orb.
     0 | D:1      | Reached XP level 1. HP: 19/19 MP: 0/0
   234 | D:1      | Reached XP level 2. HP: 27/27 MP: 1/1
   568 | D:1      | Reached skill level 4 in Axes
   678 | D:1      | Reached ** piety under Trog
   691 | D:1      | Reached XP level 3. HP: 30/33 MP: 2/2
  1309 | D:2      | Found a faded altar of an unknown god.
  2179 | D:3      | Reached XP level 4. HP: 35/40 MP: 3/3
  2457 | D:3      | Noticed Ijyb
  2479 | D:3      | Killed Ijyb
  2480 | D:3      | Reached skill level 5 in Axes
  2825 | D:4      | Noticed a bullfrog
  2831 | D:4      | Killed a bullfrog
  2832 | D:4      | Reached XP level 5. HP: 47/47 MP: 4/4
  3061 | D:4      | Reached skill level 6 in Axes
  3061 | D:4      | Reached XP level 6. HP: 50/55 MP: 5/5
  3107 | D:4      | Reached *** piety under Trog
  3132 | D:4      | Identified the +7 dagger of Hatred {spect, rN+ Str+3}
  3662 | D:5      | Entered Level 5 of the Dungeon
  3686 | D:5      | Reached skill level 5 in Fighting
  3686 | D:5      | Reached skill level 1 in Stealth
  3742 | D:5      | Found a runed translucent door.
  3778 | D:5      | Noticed an orc warrior
  3780 | D:5      | Noticed an orc warrior
  3789 | D:5      | Killed an orc warrior
  3790 | D:5      | Reached skill level 7 in Axes
  3791 | D:5      | Reached XP level 7. HP: 61/61 MP: 6/6
  3793 | D:5      | Reached skill level 5 in Armour
  4340 | D:5      | Reached skill level 8 in Axes
  4366 | D:5      | Noticed Edmund
  4381 | D:5      | Killed Edmund
  4770 | D:5      | Found a stormy altar of Qazlal.
  4849 | D:5      | Reached XP level 8. HP: 62/70 MP: 7/7
  5115 | D:5      | Noticed Blork the orc
  5136 | D:5      | Killed Blork the orc
  5538 | D:6      | Reached skill level 9 in Axes
  5847 | D:6      | Reached **** piety under Trog
  6050 | D:6      | Found an ancient bone altar of Kikubaaqudgha.
  6396 | D:6      | Found an ornate altar of the Wu Jian Council.
  6759 | D:6      | Found a runed translucent door.
  6802 | D:6      | Noticed Crazy Yiuf
  6807 | D:6      | Killed Crazy Yiuf
  6864 | D:6      | Noticed Pikel
  6886 | D:6      | Killed Pikel
  6887 | D:6      | Reached skill level 10 in Axes
  6887 | D:6      | Reached XP level 9. HP: 76/78 MP: 8/8
  8205 | D:7      | Noticed Duvessa
  8218 | D:7      | Killed Duvessa
  8219 | D:7      | Noticed Dowan
  8223 | D:7      | Killed Dowan
  8245 | D:7      | Found a shadowy altar of Dithmenos.
  8279 | D:7      | Reached skill level 11 in Axes
  8784 | D:7      | Found a staircase to the Ecumenical Temple.
  8797 | Temple   | Entered the Ecumenical Temple
  9083 | D:8      | Noticed Amaemon
  9084 | D:8      | Noticed an orange demon
  9098 | D:8      | Killed Amaemon
  9099 | D:8      | Reached skill level 10 in Armour
  9099 | D:8      | Reached XP level 10. HP: 88/88 MP: 9/9
  9107 | D:8      | Killed an orange demon
  9714 | D:8      | Reached skill level 1 in Throwing
 10443 | D:9      | Reached skill level 12 in Axes
 10447 | D:9      | Reached skill level 5 in Dodging
 10701 | D:9      | Found a staircase to the Lair.
 10990 | D:9      | Noticed Harold
 11006 | D:9      | Killed Harold
 11014 | D:9      | Reached ***** piety under Trog
 11034 | D:9      | Reached skill level 13 in Axes
 11348 | D:9      | Noticed a two-headed ogre
 11358 | D:9      | Killed a two-headed ogre
 11923 | D:10     | Entered Level 10 of the Dungeon
 11991 | D:10     | Reached XP level 11. HP: 95/95 MP: 10/10
 12255 | D:10     | Reached skill level 14 in Axes
 12255 | D:10     | Reached XP level 12. HP: 106/106 MP: 11/11
 12306 | D:10     | Noticed Grum
 12316 | D:10     | Killed Grum
 12999 | D:11     | Identified the ring "Kiow" {rElec rF- Str+6 Int+3 Dex+3
                  | Slay+3}
 13128 | D:11     | Noticed a two-headed ogre
 13129 | D:11     | Noticed a two-headed ogre
 13136 | D:11     | Killed a two-headed ogre
 13137 | D:11     | Reached skill level 10 in Fighting
 13140 | D:11     | Killed a two-headed ogre
 13465 | D:11     | Found a staircase to the Orcish Mines.
 13713 | D:11     | Found a glowing silver altar of Zin.
 13852 | D:11     | Reached skill level 15 in Axes
 13852 | D:11     | Reached XP level 13. HP: 115/115 MP: 12/12
 14005 | D:11     | Received a gift from Trog
 14788 | D:12     | Found Agimug's Armour Shop.
 15517 | D:13     | Found a frozen archway.
 15692 | IceCv    | Entered an ice cave
 16292 | IceCv    | Reached skill level 5 in Evocations
 16415 | IceCv    | Noticed a frost giant
 16433 | IceCv    | Killed a frost giant
 16434 | IceCv    | Reached skill level 16 in Axes
 16787 | IceCv    | Reached XP level 14. HP: 102/124 MP: 4/13
 17575 | D:13     | Identified a scroll of acquirement
 17578 | D:13     | Acquired 909 gold pieces
 18121 | D:13     | Found a shimmering altar of Xom.
 18121 | D:13     | Found a shimmering altar of Xom.
 18122 | D:13     | Found a shimmering altar of Xom.
 18122 | D:13     | Found a shimmering altar of Xom.
 18123 | D:13     | Found a shimmering altar of Xom.
 18123 | D:13     | Found a shimmering altar of Xom.
 18577 | D:14     | Noticed Nessos
 18577 | D:14     | Found a gate to the Vaults.
 18702 | Orc:1    | Entered Level 1 of the Orcish Mines
 18879 | Orc:2    | Entered Level 2 of the Orcish Mines
 18879 | Orc:2    | Found Vytirixy's Jewellery Emporium.
 18907 | Orc:2    | HP: 4/189 [ogre/+0 giant club (17)]
 18908 | Orc:2    | Mangled by an ogre

Illustrated notes

Levels and vault maps discovered:
D:1:      heliophobic_arrival_battle_scene, layout_basic
D:2:      layout_loops_ring, hellmonk_ecumenical_altar_dog_temple
D:3:      minmay_angry_zag, layout_basic, uniq_ijyb
D:4:      kennysheep_the_goblin_king, layout_loops_ring
D:5:      layout_basic, mainiacjoe_overflow_small_starburst,
          lightli_church_of_beogh, uniq_blork_the_orc, uniq_edmund
D:6:      layout_basic, mainiacjoe_overflow_catch_the_wave, st_stairs_12,
          uniq_crazy_yiuf_cottage, uniq_pikel
D:7:      layout_rooms, grunt_dithmenos_shadows, temple_statues, serial_curves,
          eino_curves_02, eino_curves_04, eino_curves_03, eino_curves_01,
          uniq_duvessa
D:8:      layout_basic, minmay_misc_feat_x, minmay_misc_feat_room, uniq_amaemon
D:9:      layout_loops_cross, lair_entry_dummy, special_room [special_room_orc],
          uniq_harold
D:10:     layout_irregular_city, uniq_grum
D:11:     layout_roguey, minmay_orc_entry_guard_dogs, zin_scriptorium
D:12:     layout_layer_cave, serial_shops, nicolae_shop_hallway_plus,
          chequers_serial_rivers_micro_e
D:13:     layout_loops_ring, portal_ice_cave_rime, xom_shifter_show
D:14:     layout_roguey, david_vaults_3, nicolae_figureground_sparkle,
          minmay_unpleasant_kobolds, uniq_louise
Temple:   mainiacjoe_temple_coin_purse
Orc:1:    layout_diamond_mine
Orc:2:    st_orc_open, layout_caves

Skill      XL: |  1  2  3  4  5  6  7  8  9 10 11 12 13 14 |
---------------+-------------------------------------------+-----
Fighting       | 4 5 6 7 8 9 10 11 12 | 12.1
Axes           | 4 5 6 7 8 10 11 13 14 15 16 | 16.8
Armour         | 3 4 5 8 10 12 13 14 | 14.6
Dodging        | 3 4 5 6 7 8 9 |  9.1
Stealth        | 1 3 |  3.5
Throwing       | 1 3 |  3.7
Shields        | 3 4 |  4.4
Evocations     | 3 5 7 |  7.0

Action                   |  1- 3 |  4- 6 |  7- 9 | 10-12 | 13-15 || total
-------------------------+-------+-------+-------+-------+-------++-------
Melee: Hand axe          |   100 |   139 |   251 |   249 |    15 ||   754
       Headbutt          |    11 |    14 |    56 |    53 |    45 ||   179
       Punch             |       |     1 |     2 |     2 |       ||     5
       Executioner's axe |       |       |       |       |   171 ||   171
Throw: Dart              |       |       |     4 |       |       ||     4
       Boomerang         |       |       |     2 |     3 |       ||     5
Invok: Berserk           |       |     2 |     4 |     4 |     5 ||    15
       Brothers in Arms  |       |       |       |       |     2 ||     2
  Use: Potion            |     2 |       |     5 |     4 |       ||    11
       Scroll            |       |       |       |    14 |     6 ||    20
 Stab: Sleeping          |     1 |       |       |       |       ||     1
       Distracted        |       |     1 |       |       |       ||     1
Armor: Animal skin       |     5 |       |       |       |       ||     5
       Ring mail         |    17 |       |       |       |       ||    17
       Chain mail        |    26 |    73 |   125 |   100 |       ||   324
       Plate armour      |       |       |       |    16 |   137 ||   153
Dodge: Dodged            |    68 |    40 |   110 |    96 |   167 ||   481
Block: Buckler           |       |       |       |    16 |       ||    16
